 Dungeon Crawl Stone Soup version 0.17.0-7-gfadd4cc (webtiles) character file.

404718 4thArraOfDagon the Fiendish (level 22, -21/257 HPs)
             Began as a Hill Orc Ice Elementalist on Nov 8, 2015.
             Was a Priest of Makhleb.
             Demolished by a fire elemental (34 damage)
             ... created by the adversity of Qazlal
             ... on level 4 of the Vaults.
             The game lasted 03:52:10 (30122 turns).

4thArraOfDagon the Fiendish (HOIE)                 Turns: 30122, Time: 03:52:11

Health: -21/257    AC: 31    Str: 14    XL:     22   Next: 61%
Magic:  33/36      EV: 12    Int: 28    God:    Makhleb [***...]
Gold:   1747       SH:  0    Dex: 10    Spells: 5 memorised, 23 levels left

rFire  . . .     SeeInvis .     O - +9 broad axe (drain)
rCold  . . .     Clarity  +     (armour currently unavailable)
rNeg   + + +     SustAt   .     (no shield)
rPois  ∞         Gourm    .     I - +2 helmet {Int+3}
rElec  +         Spirit   .     a - +2 cloak
rCorr  .         Warding  +     (gloves currently unavailable)
rMut   .         Rnd*Tele +     (boots currently unavailable)
MR     +++..                    j - amulet "Poyhed" {Ward rF+ rN+ Int+4 Dex-2}
Stlth  +.........               s - ring of Scepticism {rPois rF- rN+ MR+ Dex+4}
                                U - ring "Enodeok" {rN+ MR+}

@: statue-form, engulfed, regenerating, studying Stealth, very slow, extremely
resistant to hostile enchantments, very unstealthy
A: (icy blue scales 0), (iridescent scales 0), rugged brown scales 1, clarity,
deformed body, dopey 1, poison resistance, spit poison 1, teleportitis 1, weak
1, evolution 1
a: Spit Poison, End Transformation, Minor Destruction, Lesser Servant of
Makhleb, Renounce Religion
}: 4/15 runes: decaying, slimy, abyssal, gossamer


You were on level 4 of the Vaults.
You worshipped Makhleb.
Makhleb was most pleased with you.
You were not hungry.
You were a stone statue.
You visited 9 branches of the dungeon, and saw 49 of its levels.
You visited the Abyss 1 time.
You also visited: Labyrinth, Ice Cave and Volcano.

You collected 4320 gold pieces.
You spent 1798 gold pieces at shops.

Inventory:

Hand Weapons
 b - a +4 battleaxe of freezing
 m - a +2 battleaxe of electrocution
 O - a +9 broad axe of draining (weapon)
 S - a +0 blowgun
Missiles
 x - 8 curare-tipped needles
Armour
 a - a +2 cloak (worn)
 g - a +2 pair of gloves (melded)
 I - a +2 helmet of intelligence (worn)
 J - a +0 pair of boots (melded)
 T - the +4 robe "Samoodi" (melded) {rC+ Str+3}
   (You took it off a deep elf annihilator on level 3 of the Elven Halls)

   It affects your strength (+3).
   It protects you from cold.
Magical Staves
 k - an uncursed staff of energy
 K - an uncursed staff of wizardry
Rods
 y - a +6 rod of clouds (11/11)
   (You found it in a labyrinth)
Jewellery
 j - the amulet "Poyhed" (around neck) {Ward rF+ rN+ Int+4 Dex-2}
   (You found it on level 3 of the Elven Halls)

   [amulet of warding]

   It may prevent the melee attacks of summoned creatures.
   It affects your intelligence (+4).
   It affects your dexterity (-2).
   It protects you from fire.
   It protects you from negative energy.
 l - an uncursed ring of protection from fire
 p - an uncursed amulet of stasis
 s - the ring of Scepticism (right hand) {rPois rF- rN+ MR+ Dex+4}
   (You found it on level 5 of the Abyss)

   [ring of dexterity]

   It affects your dexterity (+4).
   It makes you vulnerable to fire.
   It protects you from poison.
   It protects you from negative energy.
   It affects your resistance to hostile enchantments.
 E - an uncursed amulet of resist mutation
 L - an uncursed amulet of resist corrosion
 M - an uncursed ring of fire
 U - the ring "Enodeok" (left hand) {rN+ MR+}
   (You found it in a labyrinth)

   [ring of protection from magic]

   It protects you from negative energy.
   It affects your resistance to hostile enchantments.
 X - an uncursed ring of see invisible
Wands
 q - a wand of teleportation (3)
 t - a wand of heal wounds (0)
 G - a wand of digging (10)
 N - a wand of disintegration (0)
 R - a wand of heal wounds (5)
Scrolls
 n - a scroll of teleportation
 o - 9 scrolls of remove curse
 B - 2 scrolls of magic mapping
 H - 4 scrolls of fog
 Z - 2 scrolls of immolation
Potions
 d - 2 potions of curing
 r - 12 potions of lignification
 u - 4 potions of ambrosia
 v - a potion of might
 w - a potion of invisibility
 z - a potion of resistance
 P - 2 potions of heal wounds
 Q - 5 potions of brilliance
 W - 3 potions of agility
 Y - a potion of magic
Books
 D - a manual of Stealth
Miscellaneous
 e - a fan of gales (inert)
 f - a legendary deck of changes {drawn: 1}
 i - a phial of floods
 C - a box of beasts
 F - a sack of spiders
 V - a phantom mirror
Comestibles
 c - 13 bread rations
 h - 22 meat rations
 A - 4 chunks of flesh


   Skills:
 - Level 15.5 Fighting
 - Level 19.9(20.0) Axes
 - Level 1.9(11.8) Maces & Flails
 - Level 15.5 Armour
 + Level 3.2 Dodging
 - Level 1.5 Stealth
   Level 0.4 Shields
 + Level 9.1 Spellcasting
   Level 1.0 Conjurations
 - Level 8.8 Charms
 - Level 9.2 Necromancy
 - Level 4.7 Translocations
 * Level 10.8 Transmutations
   Level 3.0 Ice Magic
 * Level 13.5 Earth Magic
 - Level 20.1 Invocations
 - Level 4.1 Evocations


You had 23 spell levels left.
You knew the following spells:

 Your Spells              Type           Power        Failure   Level  Hunger
a - Regeneration          Chrm/Necr      ######....   1%          3    None
b - Apportation           Tloc           #####.....   1%          1    None
c - Animate Skeleton      Necr           N/A          1%          1    None
d - Statue Form           Trmt/Erth      ######...    6%          6    #####..
e - Phase Shift           Tloc           #####.....   17%         5    ####...


Dungeon Overview and Level Annotations

Branches:
Dungeon (15/15)            Temple (1/1) D:7            Lair (8/8) D:10
  Swamp (4/4) Lair:4       Spider (4/4) Lair:4        Slime (6/6) Lair:7
    Orc (4/4) D:10            Elf (3/3) Orc:4        Vaults (4/5) D:13
  Crypt (0/3) Vaults:3
 Depths: D:15

Altars:
Ashenzari
Dithmenos
Elyvilon
Fedhas
Gozag
Makhleb
Nemelex Xobeh
Qazlal
Ru
Sif Muna
Trog
Vehumet
Xom
Yredelemnul
Zin
The Shining One
Beogh
Jiyva

Shops:
D:7 [   D:9 }   Orc:1 }   Orc:4 [*[!   Vaults:3 :

Annotations:
D:6 Menkaure
D:10 LAIRS
D:11 Urug


Innate Abilities, Weirdness & Mutations

((You are partially covered in icy blue scales (AC +1).))
((You are partially covered in iridescent scales (AC +4).))
(You are partially covered in rugged brown scales (AC +1, +3% HP).)
You possess an exceptional clarity of mind.
Armour fits poorly on your strangely shaped body.
You are dopey. (Int -2)
Your system is resistant to poisons.
You can spit weak poison.
You are occasionally teleported to nearby monsters.
You are weak. (Str -2)
You evolve.


Message History

Your deep troll skeleton claws the fire elemental.
The earth elemental hits you.
* * * LOW HITPOINT WARNING * * *
The fire elemental completely misses you.
The fire elemental hits your deep troll skeleton.
The fire elemental burns your deep troll skeleton!
The water elemental hits you.
Unknown command.
Unknown command.
Read which item? (? for menu, Esc to quit)
Okay, then.
Drink which item? (? for menu, Esc to quit)
Okay, then.
Evoke which item? (* to show all) (? for menu, Esc to quit)
The water engulfing you falls away.
A fierce wind blows from the fan.
The monsters around you are blown away!
The winds coalesce and take form.
The water elemental hits you.
The water elemental engulfs you in water!
The fire elemental hits you. The fire elemental burns you!
You die...

#######*#.#.#....<....#
#......##..,#.........#
#......#### #.........#
#......#######'########
#......#.......#
#.....Z#.......#
#.....)#../....#
#E...EZE.......# **
#...E.8#.......# ,
#....E.#.......# **
#.....E#.......# ** *
#......#.......# *,* *
#......######### , *
#####+## *,,,, , ,,, *
, * , ,, **, * ,, *,,


You could see an earth elemental, 2 water elementals, 2 fire elementals, a
friendly air elemental, a friendly deep troll skeleton and a friendly human
skeleton.

Vanquished Creatures
  the royal jelly (Slime:6)
  Xtahua (Vaults:2)
  Arachne (Spider:3)
  A bone dragon (Abyss:1)
  Rupert (D:13)
  A tentacled monstrosity (Vaults:1)
  2 deep elf blademasters (Elf:3)
  2 deep elf master archers (Elf:3)
  A lich (Abyss:5)
  10 tentacled starspawn
  24 acid blobs
  2 sphinxes
  Gastronok (D:10)
  5 thorn hunters
  A revenant (Vaults:3)
  2 orc warlords
  11 azure jellies
  8 ghost moths (Spider:4)
  4 deep elf sorcerers
  4 vault wardens
  A fire giant (Vaults:3)
  Aizul (Spider:1)
  4 emperor scorpions
  5 ironheart preservers
  2 stone giants
  3 very ugly things (Abyss:1)
  4 deep elf demonologists (Elf:3)
  7 deep elf annihilators (Elf:3)
  A yellow draconian (Abyss:1)
  A lorocyproca (Abyss:5)
  2 vault guards
  An eidolon (Abyss:1)
  4 deep elf death magi
  2 ettins
  Erolcha (D:12)
  14 death oozes
  A deep elf high priest (Elf:3)
  3 yaktaur captains
  Josephine (D:11)
  A fire dragon (Lair:8)
  A minotaur (Lab)
  2 entropy weavers (Spider:4)
  19 hydras
  2 rakshasas
  Fannar (Orc:1)
  9 great orbs of eyes
  A naga warrior (Abyss:1)
  A catoblepas (D:13)
  3 ogre magi
  2 ice dragons
  3 ghost crabs
  5 centaur warriors
  An anaconda (shapeshifter) (Elf:1)
  4 death yaks (Lair:6)
  A queen ant (Lair:1)
  3 alligators
  9 thrashing horrors
  5 orc high priests (Orc:4)
  11 deep elf knights
  2 vampire magi
  2 hell hogs (Abyss:5)
  7 wretched stars
  A shadow wraith (Abyss:1)
  4 skeletal warriors
  A sun demon (Abyss:5)
  A spatial maelstrom (Abyss:5)
  A hell knight (Vaults:1)
  A wizard (Vaults:2)
  A fire crab (Vaults:1)
  9 swamp dragons
  5 deep trolls
  8 deep elf summoners
  3 ironbrand convokers
  A flayed ghost (Vaults:2)
  4 spriggan druids (Swamp:3)
  5 unseen horrors
  A swamp dragon (shapeshifter) (D:15)
  A shambling mangrove (Swamp:4)
  3 giant orange brains
  A shadow dragon zombie (Abyss:1)
  30 ugly things
  A mana viper (Abyss:1)
  13 wolf spiders
  A golden dragon skeleton (Abyss:5)
  4 hill giants
  15 orc knights
  9 deep elf conjurers
  3 harpies (Vaults:2)
  A lindwurm (Lair:8)
  4 orc sorcerers (Orc:4)
  3 necromancers
  3 hornets
  9 orb spiders
  A shadow dragon skeleton (Abyss:1)
  5 worldbinders
  A sixfirhy (Abyss:5)
  8 cyclopes
  A manticore (D:13)
  9 shining eyes
  A rust devil (Abyss:1)
  2 moths of wrath
  3 griffons
  4 elephants (Lair:6)
  6 smoke demons
  An apocalypse crab (Abyss:1)
  4 black mambas
  7 torpor snails
  A centaur zombie (D:15)
  A guardian serpent (shapeshifter) (Vaults:3)
  2 vault sentinels
  3 guardian serpents
  A naga mage (Abyss:1)
  A spiny frog (shapeshifter) (Vaults:1)
  2 eyes of devastation
  3 gargoyles
  16 spiny frogs
  4 fire drakes
  An efreet (Abyss:1)
  11 demonic crawlers
  12 komodo dragons
  10 ancient zymes
  22 yaktaurs
  5 deep elf priests
  2 hellions (Abyss:1)
  7 trolls
  A human skeleton (Vaults:1)
  18 jumping spiders
  A tormentor (Abyss:5)
  2 minotaur zombies (Lab)
  5 giant leeches
  A merfolk (Vaults:4)
  A shadow dragon simulacrum (Abyss:1)
  2 freezing wraiths
  3 hellwings (Abyss:1)
  A queen bee (Lair:3)
  141 slime creatures
  14 two-headed ogres
  Prince Ribbit (D:6)
  A queen bee (shapeshifter) (Vaults:1)
  A harpy skeleton (D:14)
  5 bog bodies
  A hornet zombie (Vaults:1)
  A boulder beetle (Lair:8)
  45 redbacks
  21 raiju
  18 trapdoor spiders
  Sigmund (D:6)
  An ettin skeleton (Abyss:1)
  8 spriggans
  A tarantella (shapeshifter) (Vaults:2)
  20 tarantellas
  2 wyverns (D:10)
  A basilisk (D:15)
  9 golden eyes
  3 chaos spawn (Abyss:5)
  5 wraiths
  6 neqoxecs
  30 deep elf magi
  6 steam dragons
  5 ynoxinuls
  Eustachio (D:4)
  3 hungry ghosts
  26 deep elf fighters
  45 yaks
  24 large abominations
  14 hippogriffs
  14 swamp worms
  5 wargs
  7 vampire mosquitoes
  Edmund (D:4)
  9 wolves
  3 hell hounds (Abyss:5)
  A naga (Abyss:5)
  11 soldier ants (Lair:1)
  A mottled dragon (Lair:8)
  10 porcupines
  11 water moccasins
  13 swamp drakes
  A black bear (Lair:3)
  14 spiders
  21 ice beasts
  49 orc warriors
  12 starcursed masses
  17 wasps
  An ettin simulacrum (Vaults:1)
  6 eyes of draining
  An eye of draining (shapeshifter) (Elf:1)
  A necrophage (D:14)
  4 phantoms
  2 sky beasts
  19 centaurs
  28 ogres
  6 brain worms
  14 crocodiles
  6 elf zombies (Elf:1)
  3 big kobolds
  13 giant frogs
  An earth elemental (Abyss:5)
  A giant frog (shapeshifter) (Elf:3)
  A scorpion (shapeshifter) (Abyss:1)
  6 scorpions
  24 killer bees
  14 small abominations
  5 wights (D:8)
  3 electric eels (D:14)
  5 crimson imps
  3 giant frog zombies
  4 hounds
  23 jellies
  2 giant frog skeletons
  36 orc priests
  4 centaur skeletons
  2 quasits
  10 iguanas
  5 hell rats (Lair:8)
  3 iron imps (Abyss:1)
  39 orc wizards
  18 worker ants
  16 sheep
  A hound skeleton (D:9)
  2 worker ant zombies
  5 adders
  22 river rats
  2 shadow imps
  3 ufetubi (Abyss:1)
  2 white imps (Abyss:1)
  An adder skeleton (D:4)
  An adder zombie (D:7)
  18 worms
  14 giant geckos
  237 orcs
  11 bats
  4 goblins
  8 hobgoblins
  16 kobolds
  4 quokkas
  A ball python (D:2)
  5 giant cockroaches
  5 giant newts
  19 jackals
  9 rats
  18 briar patches
  2 bushes (Lair:8)
  2 crawling corpses (Elf:3)
  12 fungi
  25 plants
  10 starspawn tentacles
  A starspawn tentacle segment (Abyss:5)
2024 creatures vanquished.

Vanquished Creatures (collateral kills)
  3 acid blobs
  2 azure jellies (Slime:6)
  Donald (Orc:3)
  Louise (Elf:1)
  A draconian annihilator (Abyss:5)
  A deep elf demonologist (Elf:3)
  3 deep elf annihilators (Elf:3)
  An ettin (Vaults:2)
  A crystal guardian (Abyss:5)
  2 death oozes (Slime:6)
  2 hydras (Swamp:4)
  2 ogre magi (Vaults:2)
  2 death knights (Vaults:3)
  A centaur warrior (Vaults:3)
  A swamp dragon (Swamp:4)
  A hill giant (Vaults:1)
  A smoke demon (Abyss:5)
  A demonic crawler (Spider:3)
  2 two-headed ogres (Vaults:2)
  A slime creature (Slime:1)
  A trapdoor spider (Spider:3)
  A yak (D:10)
  5 tarantellas
  A deep elf mage (Elf:1)
  2 spiders (Spider:3)
  A large abomination (Abyss:1)
  An orc (Vaults:2)
  A starspawn tentacle (Abyss:5)
43 creatures vanquished.

Vanquished Creatures (others)
  Maud (D:11)
  A putrid demonspawn (Elf:3)
  A wolf spider (Spider:3)
  A large abomination (Abyss:5)
  A centaur skeleton (D:13)
  A raiju (Abyss:5)
  A spriggan (Swamp:3)
  A golden eye (Abyss:5)
  A soldier ant (shapeshifter) (Abyss:5)
  A porcupine (Lair:6)
  A hell hound (Abyss:5)
  A wasp (Swamp:2)
  A white imp (Abyss:1)
  3 briar patches
  A fire vortex (Abyss:5)
  7 fungi
  A lurking horror (Abyss:5)
  12 plants
  39 starspawn tentacles
  253 starspawn tentacle segments
329 creatures vanquished.

Grand Total: 2396 creatures vanquished

Notes
Turn   | Place    | Note
--------------------------------------------------------------
     0 | D:1      | 4thArraOfDagon the Hill Orc Ice Elementalist began the quest for the Orb.
     0 | D:1      | Reached XP level 1. HP: 14/14 MP: 3/3
    68 | D:1      | Reached skill level 3 in Ice Magic
    95 | D:1      | Reached XP level 2. HP: 15/20 MP: 0/4
   151 | D:1      | Reached skill level 1 in Maces & Flails
   490 | D:2      | Reached skill level 1 in Axes
   524 | D:2      | Reached XP level 3. HP: 23/26 MP: 5/5
   958 | D:2      | Found an opulent altar of Gozag.
   958 | D:2      | Found a sparkling altar of Nemelex Xobeh.
  1144 | D:2      | Reached XP level 4. HP: 25/33 MP: 0/6
  1402 | D:2      | not yet
  1526 | D:2      | Reached skill level 4 in Axes
  1788 | D:4      | Noticed Edmund
  1810 | D:4      | Killed Edmund
  1810 | D:4      | Reached skill level 6 in Axes
  1810 | D:4      | Reached XP level 5. HP: 21/38 MP: 7/7
  1839 | D:4      | Noticed an orc warrior
  1957 | D:3      | Found an opulent altar of Gozag.
  2025 | D:3      | Reached XP level 6. HP: 40/45 MP: 8/8
  2054 | D:3      | Reached skill level 1 in Armour
  2103 | D:4      | Reached skill level 7 in Axes
  2356 | D:4      | Noticed Eustachio
  2397 | D:4      | Killed Eustachio
  2397 | D:4      | Reached skill level 8 in Axes
  2397 | D:4      | Reached XP level 7. HP: 24/50 MP: 9/9
  2540 | D:5      | Entered Level 5 of the Dungeon
  2637 | D:5      | Reached skill level 9 in Axes
  2689 | D:5      | Reached XP level 8. HP: 25/57 MP: 10/10
  2907 | D:6      | Reached skill level 10 in Axes
  3044 | D:6      | Noticed Prince Ribbit
  3066 | D:6      | Killed Prince Ribbit
  3066 | D:6      | Reached skill level 11 in Axes
  3066 | D:6      | Reached skill level 5 in Armour
  3267 | D:6      | Noticed Menkaure
  3321 | D:6      | Reached XP level 9. HP: 52/62 MP: 11/11
  3340 | D:6      | Gained mutation: You evolve. [mutagenic meat]
  3350 | D:6      | Gained mutation: You rapidly evolve. [mutagenic meat]
  3351 | D:6      | Gained mutation: Your system is resistant to poisons. [mutagenic meat]
  3352 | D:6      | Gained mutation: You are partially covered in iridescent scales (AC +4). [mutagenic meat]
  3388 | D:6      | Found a sacrificial altar of Ru.
  3400 | D:6      | Noticed Sigmund
  3420 | D:6      | Reached skill level 12 in Axes
  3428 | D:6      | Killed Sigmund
  3529 | D:7      | Found a staircase to the Ecumenical Temple.
  3538 | Temple   | Entered the Ecumenical Temple
  3573 | Temple   | Became a worshipper of Qazlal Stormbringer
  3648 | D:7      | Found Ysuegax's Antique Armour Boutique.
  3651 | D:7      | Bought a pair of glowing gloves for 112 gold pieces
  3693 | D:7      | Reached skill level 1 in Invocations
  3749 | D:7      | Found a burning altar of Makhleb.
  3830 | D:7      | Reached skill level 1 in Fighting
  4245 | D:8      | Reached * piety under Qazlal
  4283 | D:8      | Reached skill level 1 in Evocations
  4418 | D:8      | Reached skill level 13 in Axes
  4560 | D:9      | Gained mutation: Your muscles are strong. (Str +2) [evolution]
  4635 | D:9      | Found Ucselic's Quality Used Wands.
  4663 | D:9      | Reached XP level 10. HP: 64/77 MP: 13/13
  4665 | D:9      | Bought a wand of paralysis (0) for 30 gold pieces
  4665 | D:9      | Bought a wand of disintegration (0) for 60 gold pieces
  4692 | D:9      | Killed an orc warrior
  4746 | D:9      | Reached skill level 5 in Invocations
  4854 | D:9      | Reached ** piety under Qazlal
  5027 | D:10     | Entered Level 10 of the Dungeon
  5028 | D:10     | Found a staircase to the Orcish Mines.
  5031 | D:10     | Found a blossoming altar of Fedhas.
  5157 | D:11     | Noticed Urug
  5362 | D:10     | Gained mutation: You are partially covered in icy blue scales (AC +1). [evolution]
  5477 | D:10     | Reached skill level 14 in Axes
  5515 | D:10     | Noticed Gastronok
  5581 | D:10     | Reached skill level 5 in Fighting
  5618 | D:10     | Killed Gastronok
  5618 | D:10     | Reached XP level 11. HP: 48/88 MP: 15/17
  6017 | D:11     | Found a stormy altar of Qazlal.
  6362 | D:11     | Reached *** piety under Qazlal
  6600 | D:11     | Noticed Josephine
  6616 | D:11     | Killed Josephine
  6616 | D:11     | Reached skill level 15 in Axes
  6806 | D:12     | Noticed a hill giant
  6832 | D:12     | Killed a hill giant
  6832 | D:12     | Reached skill level 10 in Invocations
  7082 | D:13     | Noticed a skeletal warrior
  7082 | D:13     | Noticed a catoblepas
  7224 | D:13     | Noticed a skeletal warrior
  7406 | D:12     | Noticed Erolcha
  7414 | D:12     | Killed Erolcha
  7414 | D:12     | Reached XP level 12. HP: 44/100 MP: 14/20
  7470 | D:11     | Noticed Maud
  7512 | D:11     | Killed Maud
  7840 | D:12     | Noticed a hill giant
  7879 | D:12     | Killed a hill giant
  8006 | D:12     | Killed a skeletal warrior
  8006 | D:12     | Reached skill level 16 in Axes
  8054 | Orc:1    | Entered Level 1 of the Orcish Mines
  8139 | Orc:2    | Found a frozen archway.
  8161 | IceCv    | Entered an ice cave
  8345 | Orc:1    | Reached **** piety under Qazlal
  8379 | Orc:1    | Found Wyfeela's Gadget Emporium.
  8405 | Orc:1    | Noticed Fannar
  8698 | Orc:3    | Reached ***** piety under Qazlal
  8796 | Orc:4    | Entered Level 4 of the Orcish Mines
  8838 | Orc:4    | Noticed Donald
  8866 | Orc:3    | Killed Donald
  9188 | Orc:4    | Found Vukkiasm's Antique Armour Emporium.
  9195 | Orc:4    | Bought a pair of embroidered gloves for 130 gold pieces
  9213 | Orc:4    | Found a roughly hewn altar of Beogh.
  9246 | Orc:4    | Noticed an orc high priest
  9249 | Orc:4    | Killed an orc high priest
  9275 | Orc:4    | Found Foydeawk's General Store.
  9280 | Orc:4    | Bought a scroll of recharging for 95 gold pieces
  9348 | Orc:4    | Reached XP level 13. HP: 103/108 MP: 22/22
  9431 | Orc:4    | Reached skill level 17 in Axes
  9560 | Orc:4    | Reached skill level 10 in Armour
  9580 | Orc:4    | Found a staircase to the Elven Halls.
  9646 | Orc:4    | Noticed an orc warlord
  9699 | Orc:4    | Killed an orc warlord
  9870 | Orc:4    | Gained mutation: You possess an exceptional clarity of mind. [evolution]
  9870 | Orc:4    | Lost mutation: You rapidly evolve. [end of evolution]
  9943 | Orc:4    | Noticed an orc high priest
  9952 | Orc:4    | Killed an orc high priest
  9998 | Orc:4    | Noticed an orc high priest
 10012 | Orc:4    | Killed an orc high priest
 10086 | Orc:4    | Found a roughly hewn altar of Beogh.
 10102 | Orc:4    | Noticed an orc high priest
 10116 | Orc:4    | Killed an orc high priest
 10148 | Orc:4    | Found Qabupoor's Armour Shoppe.
 10152 | Orc:4    | Noticed an orc high priest
 10160 | Orc:4    | Killed an orc high priest
 10191 | Orc:4    | Found Dajibuup's Distillery.
 10201 | Orc:4    | Bought a potion of might for 44 gold pieces
 10201 | Orc:4    | Bought a potion of lignification for 33 gold pieces
 10201 | Orc:4    | Bought a potion of lignification for 33 gold pieces
 10201 | Orc:4    | Bought 2 potions of lignification for 66 gold pieces
 10201 | Orc:4    | Bought a potion of heal wounds for 55 gold pieces
 10201 | Orc:4    | Bought 2 potions of magic for 176 gold pieces
 10283 | Orc:4    | Bought the +8 chain mail of the Black Moon {rC+ rN+} for 689 gold pieces
 10406 | Orc:1    | Killed Fannar
 10730 | Elf:1    | Entered Level 1 of the Elven Halls
 10780 | Elf:1    | Reached skill level 18 in Axes
 10819 | Elf:1    | Noticed a deep elf death mage
 10830 | Elf:1    | Killed a deep elf death mage
 10978 | Elf:1    | Reached skill level 10 in Fighting
 10978 | Elf:1    | Reached XP level 14. HP: 70/121 MP: 23/25
 11036 | Elf:1    | Noticed Louise
 11053 | Elf:1    | Killed Louise
 11141 | Elf:1    | Identified the Handbook of Sinister Rites (You found it on level 1 of the Elven Halls)
 11146 | Elf:1    | Learned a level 3 spell: Regeneration
 11312 | Elf:1    | Reached skill level 15 in Invocations
 11323 | Elf:1    | Found a radiant altar of Vehumet.
 11361 | Elf:1    | Reached skill level 1 in Charms
 11431 | Elf:1    | Reached skill level 1 in Necromancy
 12356 | Elf:3    | Entered Level 3 of the Elven Halls
 12642 | Elf:3    | Noticed a deep elf sorcerer
 12648 | Elf:3    | Gained mutation: Your natural rate of healing is unusually fast. [evolution]
 12766 | Elf:3    | Reached skill level 19 in Axes
 12888 | Orc:4    | Bought a potion of berserk rage for 55 gold pieces
 12888 | Orc:4    | Bought a potion of curing for 33 gold pieces
 12888 | Orc:4    | Bought a potion of curing for 33 gold pieces
 12888 | Orc:4    | Bought a potion of haste for 110 gold pieces
 12888 | Orc:4    | Bought a potion of brilliance for 44 gold pieces
 13084 | D:10     | Found a staircase to the Lair.
 13108 | Lair:1   | Entered Level 1 of the Lair of Beasts
 13133 | Lair:1   | Found a labyrinth entrance.
 13174 | Lab      | Entered a labyrinth
 13724 | Lab      | Got a clouded wooden ring
 13726 | Lab      | Identified the ring "Enodeok" {rN+ MR+} (You found it in a labyrinth)
 13747 | Lab      | Identified a +6 rod of clouds (11/11) (You found it in a labyrinth)
 13752 | Lab      | Gained mutation: You can spit weak poison. [potion of beneficial mutation]
 13871 | Lair:1   | Reached XP level 15. HP: 94/128 MP: 26/26
 13971 | Lair:2   | Reached ****** piety under Qazlal
 14461 | Lair:4   | Found a hole to the Spider Nest.
 14596 | Lair:4   | Found a dark tunnel.
 14604 | Volcano  | Entered a volcano
 14651 | Volcano  | Reached skill level 5 in Charms
 14651 | Volcano  | Reached skill level 5 in Necromancy
 14907 | Lair:4   | Found a staircase to the Swamp.
 15055 | Lair:6   | Learned a level 1 spell: Apportation
 15057 | Lair:6   | Learned a level 1 spell: Animate Skeleton
 15418 | Lair:7   | Found a staircase to the Slime Pits.
 15521 | Lair:8   | Entered Level 8 of the Lair of Beasts
 15590 | Lair:8   | Gained mutation: You are partially covered in rugged brown scales (AC +1, +3% HP). [potion of beneficial mutation]
 15591 | Lair:8   | Gained mutation: You have sharp toenails. [potion of beneficial mutation]
 15693 | Lair:8   | Got a polished morningstar
 15694 | Lair:8   | Identified the +4 morningstar of Qydun {venom, rElec} (You found it on level 8 of the Lair of Beasts)
 16060 | Lair:8   | Found a runed door.
 16494 | Spider:1 | Entered Level 1 of the Spider Nest
 16598 | Spider:1 | Noticed Aizul
 16604 | Spider:1 | Reached skill level 1 in Translocations
 16610 | Spider:1 | Reached XP level 16. HP: 108/141 MP: 27/27
 16621 | Spider:1 | Killed Aizul
 16945 | Spider:2 | Lost mutation: Your muscles are strong. (Str +2) [evolution]
 16997 | Spider:2 | Reached skill level 5 in Spellcasting
 17024 | Spider:3 | Noticed Arachne
 17031 | Spider:3 | Killed Arachne
 17230 | Spider:4 | Entered Level 4 of the Spider Nest
 17716 | Spider:4 | Reached XP level 17. HP: 146/148 MP: 0/28
 18076 | Spider:4 | Got a gossamer rune of Zot
 18288 | Lair:4   | Learned a level 6 spell: Statue Form
 18307 | Swamp:1  | Entered Level 1 of the Swamp
 18388 | Swamp:2  | Got a crude hand axe
 18389 | Swamp:2  | Identified the cursed +2 hand axe of Majom {flame, Str+2 Int+3} (You found it on level 2 of the Swamp)
 18976 | Swamp:4  | Entered Level 4 of the Swamp
 19140 | Swamp:4  | Reached XP level 18. HP: 108/161 MP: 30/30
 19192 | Swamp:4  | Got a decaying rune of Zot
 19516 | Slime:1  | Entered Level 1 of the Pits of Slime
 19787 | Slime:2  | Gained mutation: You occasionally shout uncontrollably at your foes. [a shining eye]
 19788 | Slime:2  | Gained mutation: Your body sometimes deteriorates upon taking damage. [a shining eye]
 20134 | Slime:2  | Gained mutation: Your magical capacity is low (-10% MP). [a shining eye]
 20145 | Slime:2  | Lost mutation: Your body sometimes deteriorates upon taking damage. [a shining eye]
 20335 | Slime:3  | Gained mutation: You are dopey. (Int -2) [a shining eye]
 20383 | Slime:3  | Lost mutation: Your natural rate of healing is unusually fast. [a shining eye]
 20616 | Slime:6  | Entered Level 6 of the Pits of Slime
 20638 | Slime:6  | Reached XP level 19. HP: 173/173 MP: 26/29
 20639 | Slime:6  | Reached skill level 20 in Invocations
 20640 | Slime:6  | Gained mutation: Potions and wands are less effective at restoring your health. [a shining eye]
 20677 | Slime:6  | Gained mutation: You are weak. (Str -2) [a shining eye]
 20820 | Slime:6  | Noticed the royal jelly
 20825 | Slime:5  | Reached skill level 1 in Earth Magic
 20829 | Slime:5  | Reached skill level 1 in Transmutations
 20967 | Slime:6  | Gained mutation: Scrolls take you a little longer to read. [a shining eye]
 21123 | Slime:6  | Gained mutation: Armour fits poorly on your strangely shaped body. [a shining eye]
 21132 | Slime:6  | Gained mutation: You are frail (-10% HP). [a shining eye]
 21149 | Slime:5  | Lost mutation: You occasionally shout uncontrollably at your foes. [potion of cure mutation]
 21149 | Slime:5  | Lost mutation: Scrolls take you a little longer to read. [potion of cure mutation]
 21149 | Slime:5  | Lost mutation: Potions and wands are less effective at restoring your health. [potion of cure mutation]
 21149 | Slime:5  | Lost mutation: You are frail (-10% HP). [potion of cure mutation]
 21149 | Slime:5  | Lost mutation: You have sharp toenails. [potion of cure mutation]
 21149 | Slime:5  | Lost mutation: You are dopey. (Int -2) [potion of cure mutation]
 21624 | Slime:6  | Found a viscous altar of Jiyva.
 21676 | Slime:6  | fail
 21787 | Slime:6  | Gained mutation: You are dopey. (Int -2) [a shining eye]
 21788 | Slime:6  | Gained mutation: You are occasionally teleported to nearby monsters. [a shining eye]
 22026 | Slime:6  | Killed the royal jelly
 22026 | Slime:6  | Reached skill level 15 in Fighting
 22026 | Slime:6  | Reached skill level 15 in Armour
 22026 | Slime:6  | Reached skill level 5 in Earth Magic
 22278 | Slime:6  | Got a slimy rune of Zot
 22357 | Slime:6  | Got a sheer robe
 22362 | Slime:6  | Identified the +2 robe of Surprise {+Blink Str+3} (You found it on level 6 of the Pits of Slime)
 22373 | Slime:6  | :(
 22794 | D:13     | Noticed a skeletal warrior
 22803 | D:13     | Killed a skeletal warrior
 22817 | D:13     | Killed a skeletal warrior
 22833 | D:13     | Noticed Rupert
 22834 | D:13     | Noticed a hill giant
 22835 | D:13     | Killed a catoblepas
 22847 | D:13     | Killed a hill giant
 22861 | D:13     | Killed Rupert
 23070 | D:14     | You fall through a shaft!
 23070 | D:15     | Entered Level 15 of the Dungeon
 23179 | D:15     | Found a large runed door.
 23180 | D:15     | Found a large runed door.
 23189 | D:15     | Found a glowing silver altar of Zin.
 23200 | D:15     | Reached XP level 20. HP: 134/183 MP: 30/30
 23203 | D:15     | Found a deep blue altar of Sif Muna.
 23447 | D:14     | Reached skill level 5 in Transmutations
 23564 | D:13     | Noticed a vault guard
 23582 | D:13     | Killed a vault guard
 23742 | D:13     | Found a gate to the Vaults.
 23748 | Vaults:1 | Entered Level 1 of the Vaults
 24241 | Vaults:3 | Found Eteuhol's Book Shoppe.
 24510 | Vaults:2 | Cast into the Abyss (an ogre mage)
 24511 | Abyss:1  | Found a corrupted altar of Lugonu.
 24679 | Abyss:1  | Noticed a bone dragon
 24728 | Abyss:1  | Killed a bone dragon
 24841 | Abyss:1  | Found a corrupted altar of Lugonu.
 25275 | Abyss:1  | Reached skill level 10 in Earth Magic
 25385 | Abyss:1  | Noticed a bone dragon
 25547 | Abyss:1  | Reached XP level 21. HP: 150/190 MP: 25/31
 25690 | Abyss:1  | Paralysed by accursed screaming for 1 turns
 25744 | Abyss:5  | Entered Level 5 of the Abyss
 25749 | Abyss:5  | Found a corrupted altar of Lugonu.
 26206 | Abyss:5  | Got a heavily runed glass ring
 26329 | Abyss:5  | Got an abyssal rune of Zot
 26365 | Abyss:5  | umm
 26491 | Abyss:5  | Identified the ring of Scepticism {rPois rF- rN+ MR+ Dex+4} (You found it on level 5 of the Abyss)
 26536 | Abyss:5  | christ
 26578 | Abyss:5  | Found a corrupted altar of Lugonu.
 26813 | Abyss:5  | Paralysed by accursed screaming for 1 turns
 26817 | Abyss:5  | HP: 5/190 [spatial maelstrom (13)]
 26828 | Vaults:2 | Escaped the Abyss
 26833 | Vaults:2 | HP: 4/190 [two-headed ogre/giant club[an ogre mage] (14)]
 26914 | Vaults:2 | Noticed Xtahua
 26952 | Vaults:2 | Killed Xtahua
 27093 | Vaults:2 | Your ally Xtahua died
 27969 | Elf:3    | Noticed a deep elf sorcerer
 27981 | Elf:3    | Noticed a deep elf blademaster
 27983 | Elf:3    | Hired Bees the putrid demonspawn for 775 gold.
 27989 | Elf:3    | Killed a deep elf sorcerer
 27993 | Elf:3    | Killed a deep elf blademaster
 28019 | Elf:3    | Noticed a deep elf sorcerer
 28020 | Elf:3    | Noticed a deep elf master archer
 28035 | Elf:3    | Killed a deep elf master archer
 28038 | Elf:3    | Killed a deep elf sorcerer
 28042 | Elf:3    | Reached XP level 22. HP: 178/198 MP: 28/32
 28069 | Elf:3    | Your ally Bees died
 28080 | Elf:3    | Reached skill level 10 in Transmutations
 28115 | Elf:3    | Got a faintly glowing robe
 28120 | Elf:3    | Noticed a deep elf blademaster
 28134 | Elf:3    | Killed a deep elf blademaster
 28137 | Elf:3    | Noticed a deep elf master archer
 28163 | Elf:3    | Killed a deep elf sorcerer
 28179 | Elf:3    | Killed a deep elf master archer
 28282 | Elf:3    | Identified the +4 robe "Samoodi" {rC+ Str+3} (You took it off a deep elf annihilator on level 3 of the Elven Halls)
 28349 | Elf:3    | Identified the Reference Book on Orientation (You found it on level 3 of the Elven Halls)
 28390 | Elf:3    | Identified Asees's Early Guide to Casting
 28397 | Elf:3    | Identified Luquuh's Incunabulum of Excruciating Weightlessness
 28431 | Elf:3    | Got a coiled tin amulet
 28433 | Elf:3    | Identified the amulet "Poyhed" {Ward rF+ rN+ Int+4 Dex-2} (You found it on level 3 of the Elven Halls)
 28434 | Elf:3    | mmm
 28434 | Elf:3    | yummy
 28456 | Elf:3    | Learned a level 5 spell: Phase Shift
 28500 | Elf:3    | Identified Sif Muna's Reference Book on Destructive Envenoming (You found it on level 3 of the Elven Halls)
 28785 | D:7      | Fell from the grace of Qazlal
 28785 | D:7      | Became a worshipper of Makhleb the Destroyer
 29224 | Vaults:1 | Reached * piety under Makhleb
 29579 | Vaults:2 | Reached ** piety under Makhleb
 29907 | Vaults:3 | Reached *** piety under Makhleb
 29924 | Vaults:3 | Found a staircase to the Crypt.
 30083 | Vaults:4 | Lost mutation: Your magical capacity is low (-10% MP). [helix card]
 30084 | Vaults:4 | Drew Focus: Int increased to 23, Dex decreased to 10
 30121 | Vaults:4 | HP: 11/257 [earth elemental[the adversity of Qazlal] (5)]
 30122 | Vaults:4 | Demolished by a fire elemental

Action                   |  1- 3 |  4- 6 |  7- 9 | 10-12 | 13-15 | 16-18 | 19-21 | 22-24 || total
-------------------------+-------+-------+-------+-------+-------+-------+-------+-------++-------
Melee: Unarmed           |     3 |       |       |       |       |       |       |       ||     3
       Club              |    15 |       |       |       |       |       |       |       ||    15
       Dagger            |    35 |   137 |    54 |       |       |       |       |       ||   226
       Whip              |     8 |       |       |       |       |       |       |       ||     8
       Flail             |       |    21 |   387 |   545 |       |       |       |       ||   953
       Broad axe         |       |       |       |   284 |  1223 |   893 |  1593 |   296 ||  4289
       Battleaxe         |       |       |       |       |       |   127 |   181 |   146 ||   454
 Fire: Blowgun           |       |       |       |    57 |       |       |       |       ||    57
Throw: Stone             |    26 |       |     3 |       |       |       |       |       ||    29
       Throwing net      |       |       |       |     5 |     1 |       |       |       ||     6
 Cast: Freeze            |    46 |    13 |       |       |       |       |       |       ||    59
       Regeneration      |       |       |       |       |     9 |   106 |   220 |    31 ||   366
       Apportation       |       |       |       |       |       |    17 |    57 |     4 ||    78
       Animate Skeleton  |       |       |       |       |       |       |    21 |     7 ||    28
       Statue Form       |       |       |       |       |       |       |       |    12 ||    12
Invok: Upheaval          |       |       |       |     3 |    16 |    16 |     5 |       ||    40
       Elemental Force   |       |       |       |     2 |     2 |     5 |    21 |       ||    30
       Disaster Area     |       |       |       |       |       |     2 |     2 |       ||     4
 Abil: Evoke Flight      |       |       |       |       |       |     1 |       |       ||     1
Evoke: Wand              |       |       |    13 |    16 |     6 |     7 |    29 |       ||    71
       Deck              |       |       |       |       |       |       |     1 |     5 ||     6
       Phial of floods   |       |       |       |       |       |       |     1 |       ||     1
       Fan of gales      |       |       |       |       |       |       |       |     1 ||     1
  Use: Potion            |     1 |     4 |     1 |     5 |     8 |     3 |    39 |     1 ||    62
       Scroll            |     2 |     2 |     5 |    17 |    18 |     9 |    21 |     5 ||    79
 Stab: Sleeping          |     3 |       |       |       |       |       |       |       ||     3
       Paralysed         |       |       |     1 |       |       |       |     1 |       ||     2
       Confused          |       |       |       |     5 |       |       |       |       ||     5
       Betrayed ally     |       |       |       |     1 |       |       |       |       ||     1
       Invisible         |       |       |       |       |     4 |       |    12 |     4 ||    20
       Held in net/web   |       |       |       |       |     2 |       |       |       ||     2
       Petrifying        |       |       |       |       |       |       |     1 |       ||     1
       Distracted        |       |       |       |       |       |       |     2 |       ||     2
  Eat: Chunk             |     2 |     4 |    13 |    11 |    15 |     5 |    18 |     7 ||    75
       Fruit             |       |     1 |       |       |    11 |       |     1 |     2 ||    15
       Pizza             |       |       |       |     1 |       |       |     1 |     1 ||     3
       Beef jerky        |       |       |       |     6 |     4 |     1 |     1 |     2 ||    14
       Royal jelly       |       |       |       |       |     1 |    10 |       |     1 ||    12
       Bread ration      |       |       |       |       |       |       |     6 |       ||     6
